[ AOE2 MATCH · #465146285 ]
UnrankedPersians vs Vietnamese
[ REPLAY ANALYSIS · EXTRACTED FROM THE RECORDED GAME ]
Feudal
11:30
Castle
21:17
Imperial
39:06
| APM avg | 21.5 |
| APM peak | 50 |
| eAPM avg | 10.9 |
| Villagers / military | 90 / 37 |
Focus
⚔️ 23.2% · 🌾 76.8%
Knight ×27 · Spearman ×8 · Monk ×2
Feudal
9:52
Castle
21:41
Imperial
32:43
| APM avg | 40.9 |
| APM peak | 136 |
| eAPM avg | 16.8 |
| Villagers / military | 151 / 66 |
Focus
⚔️ 27.7% · 🌾 72.3%
Cavalry Archer ×57 · Scout Cavalry ×7 · Monk ×1 · Spearman ×1
Feudal
11:56
Castle
19:29
Imperial
—
| APM avg | 17.6 |
| APM peak | 40 |
| eAPM avg | 10.4 |
| Villagers / military | 69 / 45 |
Focus
⚔️ 25.9% · 🌾 74.1%
Skirmisher ×24 · Gbeto ×15 · Archer ×4 · Spearman ×2
Feudal
11:26
Castle
23:58
Imperial
—
| APM avg | 25.4 |
| APM peak | 64 |
| eAPM avg | 13.5 |
| Villagers / military | 117 / 23 |
Focus
⚔️ 15.0% · 🌾 85.0%
Centurion ×10 · Scout Cavalry ×7 · Scorpion ×6
Feudal
10:12
Castle
24:24
Imperial
—
| APM avg | 39.2 |
| APM peak | 82 |
| eAPM avg | 21.6 |
| Villagers / military | 106 / 20 |
Focus
⚔️ 28.4% · 🌾 71.6%
Teutonic Knight ×10 · Spearman ×6 · Battering Ram ×3 · Scout Cavalry ×1
Feudal
9:27
Castle
25:54
Imperial
36:25
| APM avg | 33.5 |
| APM peak | 106 |
| eAPM avg | 15.8 |
| Villagers / military | 79 / 20 |
Focus
⚔️ 26.3% · 🌾 73.7%
Spearman ×7 · Cataphract ×4 · Monk ×3 · Skirmisher ×3 · Trebuchet (Packed) ×3
Match map
Initial resources + every placement click. Lines = walls · curves = elevation contours. ◆ gold · ⬟ stone · ● berries · ✦ relic · ◌ wall gap
Your base· Open — unwalled flank
tagliola23's base· Open — 4t gap
PJtheDcoy's base· Open — 6t gap
Welsh91Wizard's base· Open — unwalled flank
Quando's base· Open — unwalled flank
NEXT_LEVER's base· Open — unwalled flank
Smoothed initial terrain · ◌ = detected wall gap · hover for details
Inputs per minute
— Fr4ggi - - tagliola23
Build order — Fr4ggi
First 150 of 250 actions detected
| 0:04 | Build | House |
| 0:07 | Build | House |
| 0:08 | Queue | Villager (Male) |
| 0:08 | Queue | Villager (Male) |
| 0:42 | Queue | Villager (Male) |
| 0:42 | Queue | Villager (Male) |
| 1:41 | Queue | Villager (Male) |
| 2:07 | Build | Lumber Camp |
| 2:12 | Queue | Villager (Male) |
| 2:12 | Queue | Villager (Male) |
| 2:48 | Queue | Villager (Male) |
| 3:29 | Queue | Villager (Male) |
| 3:29 | Queue | Villager (Male) |
| 3:55 | Build | Mill |
| 4:04 | Build | House |
| 4:46 | Queue | Villager (Male) |
| 4:47 | Queue | Villager (Male) |
| 5:19 | Queue | Villager (Male) |
| 5:49 | Queue | Villager (Male) |
| 6:14 | Build | House |
| 6:19 | Queue | Villager (Male) |
| 6:41 | Queue | Villager (Male) |
| 7:07 | Queue | Villager (Male) |
| 7:37 | Build | Mill |
| 7:40 | Queue | Villager (Male) |
| 7:40 | Queue | Villager (Male) |
| 7:52 | Build | House |
| 8:15 | Build | Lumber Camp |
| 8:23 | Queue | Villager (Male) |
| 8:30 | Build | Farm |
| 8:59 | Build | Farm |
| 9:03 | Queue | Villager (Male) |
| 9:16 | Research | Feudal Age |
| 9:31 | Build | Farm |
| 10:32 | Build | Barracks |
| 11:10 | Build | House |
| 11:22 | Queue | Villager (Male) |
| 11:30 | Age | Feudal Age |
| 11:35 | Queue | Spearman |
| 11:36 | Queue | Spearman |
| 11:44 | Research | Double-Bit Axe |
| 11:47 | Queue | Villager (Male) |
| 12:08 | Build | Farm |
| 12:09 | Queue | Villager (Male) |
| 12:34 | Build | Farm |
| 12:37 | Queue | Villager (Male) |
| 12:43 | Queue | Villager (Male) |
| 12:57 | Queue | Spearman |
| 12:57 | Queue | Spearman |
| 13:03 | Research | Loom |
| 13:51 | Queue | Villager (Male) |
| 14:05 | Build | House |
| 14:27 | Build | Farm |
| 14:27 | Build | Farm |
| 14:28 | Build | Farm |
| 14:35 | Build | Farm |
| 14:37 | Queue | Villager (Male) |
| 14:37 | Queue | Villager (Male) |
| 15:08 | Build | Stable |
| 15:12 | Queue | Villager (Male) |
| 15:19 | Build | Blacksmith |
| 15:37 | Build | Farm |
| 15:40 | Queue | Villager (Male) |
| 15:55 | Build | House |
| 16:06 | Queue | Villager (Male) |
| 16:24 | Build | Mining Camp |
| 16:54 | Build | Farm |
| 17:15 | Build | Market |
| 17:20 | Build | House |
| 17:55 | Queue | Spearman |
| 18:21 | Queue | Spearman |
| 18:29 | Research | Horse Collar |
| 18:36 | Research | Wheelbarrow |
| 18:52 | Research | Castle Age |
| 18:53 | Queue | Villager (Male) |
| 19:01 | Queue | Spearman |
| 19:05 | Research | Scale Barding Armor |
| 19:06 | Research | Forging |
| 19:20 | Build | House |
| 19:27 | Queue | Spearman |
| 20:02 | Build | Farm |
| 20:02 | Build | Farm |
| 20:03 | Build | Farm |
| 20:04 | Build | Farm |
| 20:09 | Research | Wheelbarrow |
| 20:38 | Build | House |
| 20:41 | Build | House |
| 21:17 | Age | Castle Age |
| 21:18 | Build | Palisade Wall |
| 21:32 | Research | Bloodlines |
| 21:42 | Queue | Villager (Male) |
| 22:05 | Build | Mining Camp |
| 22:19 | Queue | Villager (Male) |
| 22:19 | Queue | Villager (Male) |
| 22:33 | Build | Palisade Wall |
| 22:43 | Build | Palisade Gate |
| 23:02 | Build | Lumber Camp |
| 23:12 | Research | Gold Mining |
| 23:15 | Queue | Villager (Male) |
| 23:15 | Queue | Villager (Male) |
| 23:44 | Research | Husbandry |
| 23:45 | Queue | Knight |
| 23:52 | Build | Stable |
| 23:56 | Research | Gold Shaft Mining |
| 23:58 | Queue | Villager (Male) |
| 24:01 | Research | Chain Barding Armor |
| 24:55 | Build | Town Center |
| 25:00 | Queue | Villager (Male) |
| 25:00 | Queue | Villager (Male) |
| 25:10 | Build | Farm |
| 25:11 | Queue | Villager (Male) |
| 25:40 | Queue | Knight |
| 25:40 | Queue | Knight |
| 25:49 | Build | House |
| 26:03 | Queue | Villager (Male) |
| 26:23 | Queue | Villager (Male) |
| 26:23 | Queue | Villager (Male) |
| 26:27 | Build | Farm |
| 26:41 | Queue | Villager (Male) |
| 26:41 | Queue | Villager (Male) |
| 26:46 | Queue | Knight |
| 26:46 | Queue | Knight |
| 26:51 | Research | Iron Casting |
| 26:55 | Queue | Villager (Male) |
| 26:55 | Queue | Villager (Male) |
| 27:14 | Research | Hand Cart |
| 27:18 | Queue | Villager (Male) |
| 27:30 | Build | Farm |
| 27:33 | Queue | Knight |
| 27:33 | Queue | Knight |
| 27:53 | Queue | Villager (Male) |
| 27:54 | Queue | Villager (Male) |
| 27:54 | Queue | Villager (Male) |
| 27:58 | Build | House |
| 27:59 | Build | House |
| 28:24 | Build | Farm |
| 28:26 | Build | Farm |
| 28:31 | Build | House |
| 28:35 | Build | House |
| 28:36 | Build | House |
| 28:39 | Queue | Villager (Male) |
| 28:39 | Queue | Villager (Male) |
| 28:53 | Queue | Villager (Male) |
| 28:58 | Build | House |
| 29:09 | Build | Farm |
| 29:15 | Queue | Knight |
| 29:15 | Queue | Knight |
| 29:16 | Queue | Knight |
| 29:16 | Queue | Knight |
| 29:28 | Build | Farm |
Build order — tagliola23
First 150 of 326 actions detected
| 0:00 | Queue | Villager (Male) |
| 0:00 | Queue | Villager (Male) |
| 0:01 | Queue | Villager (Male) |
| 0:01 | Queue | Villager (Male) |
| 0:02 | Build | House |
| 0:03 | Build | House |
| 1:24 | Queue | Villager (Male) |
| 2:17 | Queue | Villager (Male) |
| 2:22 | Queue | Villager (Male) |
| 2:22 | Queue | Villager (Male) |
| 2:47 | Queue | Villager (Male) |
| 3:11 | Queue | Villager (Male) |
| 3:46 | Build | Lumber Camp |
| 3:49 | Build | House |
| 3:53 | Queue | Villager (Male) |
| 3:53 | Queue | Villager (Male) |
| 4:05 | Queue | Villager (Male) |
| 5:12 | Queue | Villager (Male) |
| 5:12 | Queue | Villager (Male) |
| 5:26 | Build | House |
| 5:35 | Queue | Villager (Male) |
| 6:05 | Queue | Villager (Male) |
| 6:08 | Build | Mill |
| 6:43 | Queue | Villager (Male) |
| 7:12 | Research | Loom |
| 7:38 | Research | Feudal Age |
| 8:38 | Build | Palisade Wall |
| 8:39 | Build | Palisade Wall |
| 8:42 | Build | House |
| 8:45 | Build | House |
| 8:59 | Queue | Villager (Male) |
| 9:13 | Build | Barracks |
| 9:44 | Build | Palisade Gate |
| 9:45 | Build | Palisade Wall |
| 9:46 | Build | Palisade Wall |
| 9:47 | Build | Palisade Wall |
| 9:47 | Build | Palisade Wall |
| 9:52 | Age | Feudal Age |
| 9:56 | Build | Palisade Gate |
| 9:57 | Queue | Villager (Male) |
| 10:02 | Research | Double-Bit Axe |
| 10:05 | Research | Horse Collar |
| 10:07 | Build | Farm |
| 10:09 | Build | Farm |
| 10:10 | Build | Farm |
| 10:15 | Queue | Villager (Male) |
| 10:17 | Queue | Spearman |
| 10:34 | Queue | Villager (Male) |
| 10:56 | Build | Stable |
| 10:59 | Queue | Villager (Male) |
| 11:14 | Build | Farm |
| 11:26 | Build | Farm |
| 11:42 | Build | Farm |
| 11:53 | Queue | Villager (Male) |
| 11:53 | Queue | Villager (Male) |
| 11:56 | Build | Farm |
| 12:00 | Build | Farm |
| 12:03 | Build | Farm |
| 12:04 | Queue | Villager (Male) |
| 12:07 | Build | Farm |
| 12:25 | Queue | Villager (Male) |
| 12:28 | Build | Farm |
| 12:34 | Build | Farm |
| 12:40 | Queue | Scout Cavalry |
| 12:50 | Queue | Villager (Male) |
| 12:54 | Build | Farm |
| 12:58 | Queue | Villager (Male) |
| 13:02 | Queue | Scout Cavalry |
| 13:19 | Queue | Villager (Male) |
| 13:19 | Queue | Villager (Male) |
| 13:29 | Queue | Scout Cavalry |
| 13:38 | Queue | Villager (Male) |
| 13:41 | Build | House |
| 13:42 | Build | House |
| 13:49 | Build | Farm |
| 13:51 | Build | Farm |
| 13:54 | Build | Farm |
| 14:09 | Queue | Scout Cavalry |
| 14:10 | Queue | Villager (Male) |
| 14:14 | Build | House |
| 14:15 | Build | House |
| 14:20 | Queue | Villager (Male) |
| 14:35 | Build | Farm |
| 14:45 | Queue | Villager (Male) |
| 15:02 | Queue | Scout Cavalry |
| 15:13 | Queue | Villager (Male) |
| 15:31 | Queue | Villager (Male) |
| 15:46 | Queue | Villager (Male) |
| 15:49 | Queue | Scout Cavalry |
| 15:49 | Queue | Scout Cavalry |
| 16:03 | Queue | Villager (Male) |
| 16:10 | Queue | Villager (Male) |
| 16:10 | Queue | Villager (Male) |
| 16:20 | Queue | Villager (Male) |
| 17:02 | Research | Wheelbarrow |
| 17:14 | Build | Farm |
| 17:15 | Build | Farm |
| 17:16 | Build | Farm |
| 17:18 | Build | Farm |
| 17:31 | Queue | Villager (Male) |
| 18:03 | Queue | Villager (Male) |
| 18:03 | Queue | Villager (Male) |
| 18:06 | Build | Market |
| 18:34 | Build | Farm |
| 18:35 | Build | Farm |
| 18:36 | Build | Farm |
| 18:40 | Queue | Villager (Male) |
| 19:01 | Research | Castle Age |
| 19:35 | Build | Outpost |
| 19:41 | Build | Mining Camp |
| 19:48 | Queue | Villager (Male) |
| 20:06 | Queue | Villager (Male) |
| 20:13 | Build | Archery Range |
| 20:30 | Research | Gold Mining |
| 20:55 | Build | Blacksmith |
| 20:58 | Queue | Villager (Male) |
| 21:16 | Research | Bloodlines |
| 21:36 | Build | Archery Range |
| 21:41 | Age | Castle Age |
| 21:45 | Queue | Cavalry Archer |
| 21:50 | Research | Fletching |
| 22:10 | Build | Town Center |
| 22:12 | Queue | Villager (Male) |
| 22:14 | Research | Bow Saw |
| 22:19 | Research | Heavy Plow |
| 22:32 | Research | Hand Cart |
| 22:35 | Queue | Cavalry Archer |
| 22:39 | Research | Bodkin Arrow |
| 22:43 | Queue | Villager (Male) |
| 23:00 | Queue | Villager (Male) |
| 23:11 | Build | House |
| 23:21 | Queue | Cavalry Archer |
| 23:21 | Queue | Cavalry Archer |
| 23:32 | Research | Padded Archer Armor |
| 23:36 | Queue | Villager (Male) |
| 23:36 | Queue | Villager (Male) |
| 23:38 | Queue | Villager (Male) |
| 23:38 | Queue | Villager (Male) |
| 23:38 | Queue | Villager (Male) |
| 24:01 | Queue | Villager (Male) |
| 24:01 | Queue | Villager (Male) |
| 24:12 | Queue | Villager (Male) |
| 24:17 | Queue | Cavalry Archer |
| 24:18 | Queue | Cavalry Archer |
| 24:24 | Build | Farm |
| 24:28 | Queue | Villager (Male) |
| 24:39 | Queue | Cavalry Archer |
| 24:39 | Queue | Cavalry Archer |
| 24:41 | Queue | Villager (Male) |
| 24:42 | Queue | Villager (Male) |
Build order — PJtheDcoy
First 150 of 186 actions detected
| 0:00 | Queue | Villager (Male) |
| 0:01 | Queue | Villager (Male) |
| 0:01 | Queue | Villager (Male) |
| 0:02 | Build | House |
| 0:03 | Build | House |
| 0:33 | Queue | Villager (Male) |
| 1:30 | Queue | Villager (Male) |
| 2:04 | Queue | Villager (Male) |
| 2:10 | Build | Lumber Camp |
| 2:21 | Queue | Villager (Male) |
| 2:53 | Queue | Villager (Male) |
| 3:12 | Queue | Villager (Male) |
| 4:02 | Queue | Villager (Male) |
| 4:12 | Build | House |
| 4:35 | Queue | Villager (Male) |
| 4:41 | Build | House |
| 4:52 | Queue | Villager (Male) |
| 4:52 | Queue | Villager (Male) |
| 5:15 | Build | Mill |
| 5:30 | Build | Mill |
| 5:48 | Queue | Villager (Male) |
| 5:48 | Queue | Villager (Male) |
| 5:49 | Research | Loom |
| 6:33 | Queue | Villager (Male) |
| 6:34 | Queue | Villager (Male) |
| 6:35 | Research | Loom |
| 7:52 | Queue | Villager (Male) |
| 8:25 | Queue | Villager (Male) |
| 8:26 | Queue | Villager (Male) |
| 9:21 | Queue | Villager (Male) |
| 9:25 | Build | House |
| 9:33 | Build | Lumber Camp |
| 9:43 | Research | Feudal Age |
| 10:59 | Build | Barracks |
| 11:56 | Age | Feudal Age |
| 12:02 | Build | Blacksmith |
| 12:11 | Queue | Villager (Male) |
| 12:11 | Queue | Villager (Male) |
| 12:12 | Queue | Villager (Male) |
| 12:12 | Queue | Villager (Male) |
| 12:49 | Build | Market |
| 12:51 | Build | House |
| 12:52 | Build | House |
| 12:55 | Queue | Villager (Male) |
| 12:55 | Queue | Villager (Male) |
| 13:08 | Build | Palisade Gate |
| 13:10 | Build | House |
| 13:19 | Build | Blacksmith |
| 13:20 | Build | House |
| 13:27 | Research | Horse Collar |
| 13:31 | Build | Farm |
| 13:32 | Build | Farm |
| 13:33 | Build | Farm |
| 13:33 | Build | Farm |
| 14:34 | Build | Archery Range |
| 14:42 | Queue | Villager (Male) |
| 14:42 | Queue | Villager (Male) |
| 15:24 | Queue | Spearman |
| 15:24 | Queue | Spearman |
| 15:42 | Build | Palisade Gate |
| 15:44 | Build | Palisade Wall |
| 15:48 | Build | Palisade Wall |
| 16:49 | Research | Castle Age |
| 17:07 | Build | House |
| 17:08 | Build | House |
| 17:09 | Build | House |
| 17:19 | Build | Farm |
| 17:20 | Build | Farm |
| 18:46 | Build | House |
| 18:47 | Build | House |
| 18:48 | Build | House |
| 19:07 | Queue | Villager (Male) |
| 19:07 | Queue | Villager (Male) |
| 19:14 | Research | Double-Bit Axe |
| 19:29 | Age | Castle Age |
| 19:31 | Build | Mining Camp |
| 20:23 | Queue | Villager (Male) |
| 20:24 | Queue | Villager (Male) |
| 20:24 | Queue | Villager (Male) |
| 20:24 | Queue | Villager (Male) |
| 20:31 | Research | Wheelbarrow |
| 20:38 | Queue | Archer |
| 20:38 | Queue | Archer |
| 21:05 | Build | Palisade Wall |
| 21:22 | Build | Farm |
| 21:27 | Queue | Villager (Male) |
| 21:27 | Queue | Villager (Male) |
| 21:43 | Build | Farm |
| 21:47 | Research | Stone Mining |
| 21:55 | Research | Fletching |
| 22:11 | Build | Farm |
| 22:39 | Build | Mill |
| 23:32 | Build | Mining Camp |
| 23:49 | Build | Palisade Gate |
| 23:51 | Build | House |
| 23:58 | Build | Palisade Wall |
| 24:12 | Queue | Villager (Male) |
| 24:13 | Queue | Villager (Male) |
| 24:21 | Research | Gold Mining |
| 24:29 | Queue | Skirmisher |
| 24:30 | Queue | Skirmisher |
| 24:32 | Research | Padded Archer Armor |
| 24:34 | Queue | Villager (Male) |
| 24:35 | Queue | Villager (Male) |
| 25:00 | Build | House |
| 25:25 | Queue | Archer |
| 25:26 | Queue | Archer |
| 25:29 | Queue | Villager (Male) |
| 25:29 | Queue | Villager (Male) |
| 25:45 | Research | Crossbowman (upgrade) |
| 26:17 | Build | Castle |
| 26:22 | Queue | Villager (Male) |
| 26:22 | Queue | Villager (Male) |
| 26:34 | Research | Bodkin Arrow |
| 26:43 | Build | Archery Range |
| 26:54 | Queue | Villager (Male) |
| 26:55 | Queue | Villager (Male) |
| 27:38 | Queue | Skirmisher |
| 27:38 | Queue | Skirmisher |
| 28:03 | Queue | Gbeto |
| 28:03 | Queue | Gbeto |
| 28:04 | Queue | Gbeto |
| 28:04 | Queue | Gbeto |
| 28:05 | Research | Scale Mail Armor |
| 28:06 | Research | Forging |
| 28:21 | Build | Stone Wall |
| 28:27 | Research | Elite Skirmisher (upgrade) |
| 28:28 | Queue | Skirmisher |
| 28:28 | Queue | Skirmisher |
| 30:14 | Queue | Skirmisher |
| 30:14 | Queue | Skirmisher |
| 30:14 | Queue | Skirmisher |
| 30:54 | Queue | Gbeto |
| 30:54 | Queue | Gbeto |
| 30:54 | Queue | Gbeto |
| 30:55 | Queue | Gbeto |
| 30:58 | Build | Farm |
| 31:20 | Research | Chain Mail Armor |
| 31:20 | Research | Iron Casting |
| 31:41 | Queue | Villager (Male) |
| 31:43 | Queue | Villager (Male) |
| 32:11 | Build | Town Center |
| 32:21 | Queue | Villager (Male) |
| 32:21 | Queue | Villager (Male) |
| 32:24 | Build | Farm |
| 32:30 | Build | Farm |
| 32:31 | Build | Farm |
| 32:32 | Build | Farm |
| 32:33 | Build | Farm |
| 32:35 | Build | Farm |
Build order — Welsh91Wizard
First 150 of 184 actions detected
| 0:00 | Queue | Villager (Male) |
| 0:00 | Queue | Villager (Male) |
| 0:01 | Queue | Villager (Male) |
| 0:01 | Queue | Villager (Male) |
| 0:03 | Build | House |
| 0:05 | Build | House |
| 1:32 | Queue | Villager (Male) |
| 2:01 | Queue | Villager (Male) |
| 2:18 | Queue | Villager (Male) |
| 2:42 | Build | Lumber Camp |
| 2:57 | Queue | Villager (Male) |
| 3:32 | Queue | Villager (Male) |
| 4:01 | Queue | Villager (Male) |
| 4:03 | Queue | Villager (Male) |
| 4:52 | Build | Mill |
| 5:05 | Queue | Villager (Male) |
| 5:05 | Queue | Villager (Male) |
| 5:10 | Build | House |
| 5:18 | Research | Loom |
| 5:19 | Queue | Villager (Male) |
| 5:19 | Queue | Villager (Male) |
| 6:27 | Queue | Villager (Male) |
| 7:02 | Build | House |
| 7:17 | Queue | Villager (Male) |
| 7:19 | Queue | Villager (Male) |
| 8:18 | Queue | Villager (Male) |
| 8:19 | Queue | Villager (Male) |
| 8:40 | Build | House |
| 9:14 | Build | Barracks |
| 9:16 | Research | Feudal Age |
| 10:01 | Queue | Villager (Male) |
| 10:02 | Queue | Villager (Male) |
| 10:11 | Build | House |
| 11:26 | Age | Feudal Age |
| 11:34 | Research | Horse Collar |
| 11:40 | Build | Blacksmith |
| 11:48 | Build | Stable |
| 11:54 | Queue | Villager (Male) |
| 11:59 | Build | Palisade Wall |
| 12:21 | Build | Palisade Wall |
| 12:32 | Queue | Villager (Male) |
| 12:41 | Build | Farm |
| 12:44 | Build | Farm |
| 12:46 | Build | Farm |
| 12:50 | Build | Farm |
| 12:54 | Queue | Villager (Male) |
| 13:22 | Build | Farm |
| 13:23 | Queue | Villager (Male) |
| 13:27 | Build | Farm |
| 13:44 | Build | Palisade Wall |
| 13:53 | Queue | Villager (Male) |
| 13:56 | Build | Farm |
| 14:16 | Queue | Villager (Male) |
| 14:35 | Queue | Villager (Male) |
| 14:36 | Build | Farm |
| 14:57 | Build | Farm |
| 15:10 | Queue | Scout Cavalry |
| 15:10 | Queue | Scout Cavalry |
| 15:30 | Research | Scale Barding Armor |
| 17:42 | Queue | Villager (Male) ×5 |
| 17:50 | Build | Mining Camp |
| 18:00 | Queue | Scout Cavalry ×5 |
| 18:04 | Research | Forging |
| 18:09 | Build | Farm |
| 18:10 | Build | Farm |
| 18:31 | Build | Farm |
| 18:49 | Queue | Villager (Male) |
| 18:56 | Build | Farm |
| 19:02 | Build | House |
| 19:23 | Build | House |
| 20:55 | Queue | Villager (Male) ×5 |
| 21:00 | Build | House |
| 21:02 | Build | House |
| 21:13 | Build | Market |
| 21:15 | Research | Castle Age |
| 22:06 | Queue | Villager (Male) ×5 |
| 22:11 | Build | House |
| 22:14 | Build | House |
| 22:16 | Build | House |
| 22:17 | Build | House |
| 22:45 | Build | Stable |
| 23:48 | Build | House |
| 23:49 | Build | House |
| 23:51 | Build | House |
| 23:57 | Build | Farm |
| 23:58 | Age | Castle Age |
| 24:19 | Build | Farm |
| 24:19 | Build | Farm |
| 24:35 | Build | Siege Workshop |
| 25:51 | Build | Town Center |
| 25:55 | Queue | Villager (Male) ×5 |
| 26:10 | Build | Farm |
| 26:54 | Queue | Scorpion |
| 26:54 | Queue | Scorpion |
| 26:57 | Queue | Villager (Male) ×5 |
| 26:59 | Build | Farm |
| 27:18 | Queue | Villager (Male) ×5 |
| 27:36 | Queue | Scorpion |
| 27:42 | Build | Farm |
| 27:46 | Build | Farm |
| 27:49 | Queue | Villager (Male) |
| 28:10 | Build | Town Center |
| 28:51 | Queue | Scorpion |
| 29:01 | Queue | Villager (Male) ×5 |
| 29:11 | Queue | Villager (Male) ×5 |
| 29:14 | Build | Mining Camp |
| 29:21 | Queue | Villager (Male) ×5 |
| 29:30 | Research | Double-Bit Axe |
| 29:43 | Research | Heavy Plow |
| 29:44 | Queue | Villager (Male) ×2 |
| 30:08 | Queue | Villager (Male) |
| 31:08 | Build | Castle |
| 31:12 | Queue | Villager (Male) ×5 |
| 31:18 | Queue | Scorpion |
| 31:19 | Queue | Scorpion |
| 31:28 | Build | University |
| 31:30 | Queue | Villager (Male) ×5 |
| 32:18 | Research | Ballistas |
| 32:33 | Build | House |
| 32:42 | Build | House |
| 32:43 | Build | House |
| 33:18 | Queue | Villager (Male) ×5 |
| 33:22 | Queue | Villager (Male) ×5 |
| 33:32 | Research | Ballistics |
| 33:41 | Build | Barracks |
| 33:41 | Build | Barracks |
| 33:43 | Build | Barracks |
| 33:48 | Queue | Villager (Male) ×4 |
| 34:15 | Build | Mill |
| 34:16 | Build | Farm |
| 34:16 | Build | Farm |
| 34:16 | Build | Farm |
| 34:17 | Build | Farm |
| 34:17 | Build | Farm |
| 34:17 | Build | Farm |
| 34:17 | Build | Farm |
| 34:17 | Build | Farm |
| 34:18 | Build | Farm |
| 34:26 | Build | Lumber Camp |
| 34:33 | Build | Farm |
| 34:33 | Build | Farm |
| 34:34 | Build | Farm |
| 34:34 | Build | Farm |
| 34:34 | Build | Farm |
| 34:34 | Build | Farm |
| 34:37 | Queue | Villager (Male) ×5 |
| 34:48 | Research | Scale Mail Armor |
| 35:02 | Build | Mill |
| 35:02 | Build | Farm |
| 35:03 | Build | Farm |
Build order — Quando
First 150 of 266 actions detected
| 0:00 | Queue | Villager (Male) |
| 0:00 | Queue | Villager (Male) |
| 0:01 | Queue | Villager (Male) |
| 0:02 | Build | House |
| 0:04 | Build | House |
| 0:37 | Queue | Villager (Male) |
| 1:40 | Queue | Villager (Male) |
| 1:40 | Queue | Villager (Male) |
| 2:21 | Queue | Villager (Male) |
| 2:24 | Build | Lumber Camp |
| 2:55 | Build | Lumber Camp |
| 3:00 | Queue | Villager (Male) |
| 3:28 | Queue | Villager (Male) |
| 3:29 | Queue | Villager (Male) |
| 3:42 | Build | House |
| 3:57 | Queue | Villager (Male) |
| 4:35 | Queue | Villager (Male) |
| 5:01 | Build | Mill |
| 5:11 | Queue | Villager (Male) |
| 5:31 | Queue | Villager (Male) |
| 5:35 | Queue | Villager (Male) |
| 6:01 | Build | House |
| 6:06 | Research | Loom |
| 6:31 | Build | Mining Camp |
| 6:46 | Queue | Villager (Male) |
| 6:56 | Build | Palisade Wall |
| 6:57 | Build | Palisade Wall |
| 6:58 | Build | Palisade Wall |
| 7:02 | Build | Palisade Wall |
| 7:03 | Build | Palisade Wall |
| 7:03 | Build | Palisade Wall |
| 7:18 | Queue | Villager (Male) |
| 8:02 | Research | Feudal Age |
| 8:21 | Build | Mill |
| 9:27 | Build | House |
| 9:27 | Build | Palisade Wall |
| 9:50 | Queue | Villager (Male) |
| 10:12 | Age | Feudal Age |
| 10:14 | Build | Watch Tower |
| 10:26 | Queue | Villager (Male) |
| 10:31 | Research | Double-Bit Axe |
| 11:04 | Build | Watch Tower |
| 11:07 | Queue | Villager (Male) |
| 11:07 | Queue | Villager (Male) |
| 11:38 | Queue | Villager (Male) |
| 11:45 | Queue | Villager (Male) |
| 11:48 | Build | Blacksmith |
| 12:01 | Queue | Villager (Male) |
| 12:33 | Research | Fletching |
| 12:41 | Build | House |
| 12:49 | Build | Outpost |
| 13:11 | Queue | Villager (Male) |
| 13:17 | Build | Farm |
| 13:38 | Queue | Villager (Male) |
| 13:41 | Build | Farm |
| 14:06 | Queue | Villager (Male) |
| 14:08 | Build | Farm |
| 14:17 | Build | Market |
| 14:18 | Build | House |
| 14:33 | Queue | Villager (Male) |
| 14:46 | Build | Watch Tower |
| 15:02 | Queue | Villager (Male) |
| 15:20 | Queue | Villager (Male) |
| 15:24 | Build | Watch Tower |
| 15:30 | Build | Farm |
| 15:30 | Build | Farm |
| 15:32 | Build | Farm |
| 15:35 | Build | Barracks |
| 15:39 | Queue | Villager (Male) |
| 15:50 | Build | Outpost |
| 15:58 | Queue | Villager (Male) |
| 16:02 | Build | Farm |
| 16:20 | Build | Watch Tower |
| 16:25 | Queue | Villager (Male) |
| 16:28 | Build | Farm |
| 16:29 | Queue | Villager (Male) |
| 16:32 | Queue | Spearman |
| 16:51 | Build | Palisade Wall |
| 16:52 | Build | Palisade Wall |
| 17:04 | Queue | Villager (Male) |
| 17:11 | Queue | Villager (Male) |
| 17:33 | Queue | Villager (Male) |
| 17:34 | Queue | Spearman |
| 18:03 | Queue | Villager (Male) |
| 18:14 | Queue | Villager (Male) |
| 18:26 | Build | Stable |
| 18:27 | Queue | Villager (Male) |
| 18:28 | Build | House |
| 18:29 | Build | House |
| 18:31 | Build | Farm |
| 18:56 | Queue | Villager (Male) |
| 20:04 | Build | House |
| 20:07 | Build | Palisade Wall |
| 20:08 | Build | Palisade Wall |
| 20:09 | Build | Palisade Wall |
| 20:18 | Queue | Spearman |
| 20:22 | Queue | Villager (Male) |
| 20:30 | Build | Farm |
| 20:31 | Build | Farm |
| 20:45 | Queue | Villager (Male) |
| 20:48 | Build | Farm |
| 20:49 | Build | Farm |
| 20:49 | Build | Farm |
| 20:50 | Queue | Villager (Male) |
| 21:44 | Research | Castle Age |
| 21:52 | Build | Mining Camp |
| 21:57 | Research | Horse Collar |
| 22:04 | Build | Watch Tower |
| 22:13 | Queue | Spearman |
| 22:14 | Queue | Spearman |
| 22:18 | Build | Farm |
| 22:35 | Queue | Scout Cavalry |
| 23:09 | Build | Palisade Wall |
| 23:15 | Queue | Villager (Male) |
| 23:54 | Build | Outpost |
| 23:58 | Build | House |
| 24:17 | Queue | Spearman |
| 24:24 | Age | Castle Age |
| 24:26 | Build | Castle |
| 24:40 | Research | Bow Saw |
| 24:41 | Queue | Villager (Male) |
| 24:58 | Queue | Villager (Male) |
| 25:17 | Queue | Villager (Male) |
| 25:28 | Build | Outpost |
| 25:52 | Queue | Villager (Male) |
| 26:00 | Build | Town Center |
| 26:10 | Queue | Villager (Male) |
| 26:22 | Queue | Teutonic Knight |
| 26:37 | Queue | Villager (Male) |
| 26:55 | Queue | Villager (Male) |
| 27:09 | Queue | Villager (Male) |
| 27:09 | Queue | Villager (Male) |
| 27:23 | Research | Bodkin Arrow |
| 27:23 | Research | Bodkin Arrow |
| 27:35 | Queue | Villager (Male) |
| 27:46 | Build | Palisade Wall |
| 28:07 | Build | Watch Tower |
| 28:10 | Queue | Villager (Male) |
| 28:55 | Queue | Villager (Male) |
| 29:16 | Queue | Villager (Male) |
| 29:24 | Build | Watch Tower |
| 29:30 | Queue | Villager (Male) |
| 29:35 | Build | University |
| 29:39 | Queue | Teutonic Knight |
| 30:06 | Queue | Villager (Male) |
| 30:06 | Queue | Villager (Male) |
| 30:24 | Build | Watch Tower |
| 30:25 | Queue | Villager (Male) |
| 30:26 | Queue | Villager (Male) |
| 30:27 | Queue | Villager (Male) |
Build order — NEXT_LEVER
First 150 of 203 actions detected
| 0:00 | Queue | Villager (Male) |
| 0:01 | Queue | Villager (Male) |
| 0:01 | Queue | Villager (Male) |
| 0:03 | Build | House |
| 0:05 | Build | House |
| 0:13 | Queue | Villager (Male) |
| 1:51 | Queue | Villager (Male) |
| 1:51 | Queue | Villager (Male) |
| 2:15 | Queue | Villager (Male) |
| 2:35 | Build | Lumber Camp |
| 2:43 | Queue | Villager (Male) |
| 3:16 | Queue | Villager (Male) |
| 3:31 | Build | House |
| 3:36 | Queue | Villager (Male) |
| 3:55 | Queue | Villager (Male) |
| 3:55 | Queue | Villager (Male) |
| 5:02 | Queue | Villager (Male) |
| 5:19 | Build | Mill |
| 5:37 | Queue | Villager (Male) |
| 5:37 | Queue | Villager (Male) |
| 6:08 | Queue | Villager (Male) |
| 6:21 | Research | Loom |
| 6:40 | Research | Loom |
| 6:45 | Build | House |
| 6:58 | Research | Feudal Age |
| 8:21 | Build | Barracks |
| 9:02 | Build | Mill |
| 9:21 | Queue | Villager (Male) |
| 9:27 | Age | Feudal Age |
| 9:41 | Queue | Spearman |
| 9:51 | Queue | Villager (Male) |
| 9:57 | Build | House |
| 9:58 | Build | Palisade Wall |
| 10:04 | Queue | Villager (Male) |
| 10:05 | Research | Double-Bit Axe |
| 10:07 | Research | Horse Collar |
| 10:15 | Build | Palisade Wall |
| 10:16 | Queue | Spearman |
| 10:36 | Build | Watch Tower |
| 10:41 | Build | Mining Camp |
| 10:42 | Queue | Villager (Male) |
| 10:52 | Build | Farm |
| 11:02 | Build | Palisade Wall |
| 11:23 | Queue | Spearman |
| 11:41 | Queue | Spearman |
| 11:44 | Build | Blacksmith |
| 11:45 | Queue | Villager (Male) |
| 11:55 | Build | Palisade Wall |
| 11:59 | Build | Palisade Wall |
| 12:02 | Queue | Villager (Male) |
| 12:08 | Queue | Villager (Male) |
| 12:24 | Build | Farm |
| 12:31 | Build | Farm |
| 12:32 | Research | Fletching |
| 12:56 | Queue | Villager (Male) |
| 13:02 | Build | House |
| 13:11 | Build | House |
| 13:12 | Build | House |
| 13:39 | Build | Watch Tower |
| 13:45 | Queue | Villager (Male) |
| 13:46 | Queue | Villager (Male) |
| 13:56 | Build | Farm |
| 14:02 | Queue | Villager (Male) |
| 14:08 | Build | Farm |
| 14:10 | Build | Farm |
| 14:23 | Build | House |
| 14:25 | Build | Palisade Wall |
| 14:43 | Queue | Spearman |
| 15:15 | Queue | Villager (Male) |
| 15:24 | Build | Farm |
| 15:47 | Queue | Villager (Male) |
| 15:50 | Build | Farm |
| 15:54 | Build | Archery Range |
| 16:02 | Queue | Spearman |
| 16:03 | Queue | Spearman |
| 16:21 | Build | Watch Tower |
| 16:58 | Queue | Skirmisher |
| 16:59 | Queue | Skirmisher |
| 17:58 | Queue | Villager (Male) |
| 17:58 | Queue | Villager (Male) |
| 18:03 | Build | Farm |
| 18:05 | Build | Farm |
| 18:10 | Build | Farm |
| 18:13 | Queue | Skirmisher |
| 18:41 | Build | House |
| 18:47 | Build | Farm |
| 18:56 | Build | Farm |
| 18:59 | Build | Farm |
| 19:03 | Build | Farm |
| 19:05 | Queue | Villager (Male) |
| 19:06 | Queue | Villager (Male) |
| 19:23 | Build | Gate |
| 19:25 | Build | Stone Wall |
| 19:28 | Queue | Villager (Male) |
| 19:28 | Queue | Villager (Male) |
| 21:28 | Queue | Villager (Male) |
| 21:28 | Queue | Villager (Male) |
| 21:52 | Build | Market |
| 23:14 | Research | Castle Age |
| 23:19 | Build | Stone Wall |
| 23:24 | Build | Stone Wall |
| 23:27 | Build | Stone Wall |
| 23:28 | Build | Stone Wall |
| 23:31 | Build | Stone Wall |
| 23:37 | Build | Lumber Camp |
| 23:42 | Build | Gate |
| 23:45 | Build | Stone Wall |
| 23:52 | Research | Stone Mining |
| 25:54 | Age | Castle Age |
| 25:57 | Queue | Villager (Male) |
| 26:02 | Build | Town Center |
| 26:07 | Research | Bow Saw |
| 26:29 | Queue | Villager (Male) |
| 27:02 | Queue | Villager (Male) |
| 27:03 | Queue | Villager (Male) |
| 27:03 | Queue | Villager (Male) |
| 27:04 | Queue | Villager (Male) |
| 27:24 | Build | Monastery |
| 27:28 | Queue | Villager (Male) |
| 27:40 | Build | Stone Wall |
| 27:40 | Build | Stone Wall |
| 27:59 | Queue | Monk |
| 28:22 | Build | Castle |
| 28:40 | Queue | Villager (Male) |
| 28:40 | Queue | Villager (Male) |
| 28:41 | Queue | Villager (Male) |
| 29:00 | Queue | Villager (Male) |
| 29:01 | Queue | Villager (Male) |
| 29:15 | Build | Mill |
| 30:03 | Queue | Villager (Male) |
| 30:04 | Queue | Villager (Male) |
| 30:16 | Build | Town Center |
| 30:21 | Build | Stone Wall |
| 31:06 | Queue | Villager (Male) |
| 31:06 | Queue | Villager (Male) |
| 31:46 | Queue | Villager (Male) |
| 32:16 | Build | Siege Workshop |
| 32:26 | Queue | Villager (Male) |
| 32:27 | Queue | Villager (Male) |
| 32:54 | Build | Stone Wall |
| 33:15 | Research | Imperial Age |
| 33:17 | Research | Wheelbarrow |
| 33:21 | Build | Farm |
| 33:23 | Build | Farm |
| 33:25 | Build | Farm |
| 33:29 | Build | Town Center |
| 33:35 | Build | Farm |
| 33:37 | Build | Farm |
| 33:38 | Queue | Villager (Male) |
| 33:39 | Queue | Villager (Male) |
Match timeline
| 6:56 | Quando · wall_segment Palisade Wall x1 |
| 6:57 | Quando · wall_segment Palisade Wall x1 |
| 6:58 | Quando · wall_segment Palisade Wall x1 |
| 7:02 | Quando · wall_segment Palisade Wall x1 |
| 7:03 | Quando · wall_segment Palisade Wall x1 |
| 7:03 | Quando · wall_segment Palisade Wall x1 |
| 8:21 | NEXT_LEVER · first_building Barracks |
| 8:38 | tagliola23 · wall_segment Palisade Wall x5 |
| 8:39 | tagliola23 · wall_segment Palisade Wall x1 |
| 9:13 | tagliola23 · first_building Barracks |
| 9:14 | Welsh91Wizard · first_building Barracks |
| 9:27 | NEXT_LEVER · age_up feudal |
| 9:27 | Quando · wall_segment Palisade Wall x1 |
| 9:45 | tagliola23 · wall_segment Palisade Wall x1 |
| 9:46 | tagliola23 · wall_segment Palisade Wall x1 |
| 9:47 | tagliola23 · wall_segment Palisade Wall x1 |
| 9:47 | tagliola23 · wall_segment Palisade Wall x1 |
| 9:52 | tagliola23 · age_up feudal |
| 9:58 | NEXT_LEVER · wall_segment Palisade Wall x1 |
| 10:12 | Quando · age_up feudal |
| 10:15 | NEXT_LEVER · wall_segment Palisade Wall x7 |
| 10:32 | Fr4ggi · first_building Barracks |
| 10:56 | tagliola23 · first_building Stable |
| 10:59 | PJtheDcoy · first_building Barracks |
| 11:02 | NEXT_LEVER · wall_segment Palisade Wall x1 |
| 11:26 | Welsh91Wizard · age_up feudal |
| 11:30 | Fr4ggi · age_up feudal |
| 11:48 | Welsh91Wizard · first_building Stable |
| 11:55 | NEXT_LEVER · wall_segment Palisade Wall x7 |
| 11:56 | PJtheDcoy · age_up feudal |
| 11:59 | Welsh91Wizard · wall_segment Palisade Wall x10 |
| 11:59 | NEXT_LEVER · wall_segment Palisade Wall x4 |
| 12:21 | Welsh91Wizard · wall_segment Palisade Wall x7 |
| 13:44 | Welsh91Wizard · wall_segment Palisade Wall x10 |
| 14:18 | PJtheDcoy · first_market_sell 100 food |
| 14:25 | NEXT_LEVER · wall_segment Palisade Wall x10 |
| 14:34 | PJtheDcoy · first_building Archery Range |
| 15:08 | Fr4ggi · first_building Stable |
| 15:35 | Quando · first_building Barracks |
| 15:44 | PJtheDcoy · wall_segment Palisade Wall x5 |
| 15:48 | PJtheDcoy · wall_segment Palisade Wall x5 |
| 15:54 | NEXT_LEVER · first_building Archery Range |
| 16:51 | Quando · wall_segment Palisade Wall x1 |
| 16:52 | Quando · wall_segment Palisade Wall x1 |
| 18:26 | Quando · first_building Stable |
| 18:44 | Fr4ggi · first_market_sell 100 food |
| 19:00 | tagliola23 · first_market_sell 100 food |
| 19:25 | NEXT_LEVER · wall_segment Stone Wall x2 |
| 19:29 | PJtheDcoy · age_up castle |
| 20:06 | Quando · first_market_sell 100 wood |
| 20:07 | Quando · wall_segment Palisade Wall x1 |
| 20:08 | Quando · wall_segment Palisade Wall x1 |
| 20:09 | Quando · wall_segment Palisade Wall x1 |
| 20:13 | tagliola23 · first_building Archery Range |
| 21:05 | PJtheDcoy · wall_segment Palisade Wall x10 |
| 21:17 | Fr4ggi · age_up castle |
| 21:18 | Fr4ggi · wall_segment Palisade Wall x13 |
| 21:41 | tagliola23 · age_up castle |
| 22:05 | tagliola23 · first_market_buy 100 wood |
| 22:33 | Fr4ggi · wall_segment Palisade Wall x18 |
| 23:09 | Quando · wall_segment Palisade Wall x12 |
| 23:11 | NEXT_LEVER · first_market_sell 100 wood |
| 23:19 | NEXT_LEVER · wall_segment Stone Wall x1 |
| 23:24 | NEXT_LEVER · wall_segment Stone Wall x1 |
| 23:27 | NEXT_LEVER · wall_segment Stone Wall x6 |
| 23:28 | NEXT_LEVER · wall_segment Stone Wall x1 |
| 23:31 | NEXT_LEVER · wall_segment Stone Wall x5 |
| 23:45 | NEXT_LEVER · wall_segment Stone Wall x7 |
| 23:58 | PJtheDcoy · wall_segment Palisade Wall x5 |
| 23:58 | Welsh91Wizard · age_up castle |
| 24:24 | Quando · age_up castle |
| 24:26 | Quando · first_building Castle |
| 24:28 | Welsh91Wizard · first_market_buy 100 wood |
| 24:35 | Welsh91Wizard · first_building Siege Workshop |
| 25:41 | Welsh91Wizard · first_market_sell 100 food |
| 25:54 | NEXT_LEVER · age_up castle |
| 25:56 | Quando · first_market_buy 100 wood |
| 26:17 | PJtheDcoy · first_building Castle |
| 27:17 | Welsh91Wizard · tribute_sent a jugador 1 |
| 27:17 | Welsh91Wizard · tribute_sent a jugador 2 |
| 27:17 | Welsh91Wizard · tribute_sent a jugador 4 |
| 27:17 | Welsh91Wizard · tribute_sent a jugador 5 |
| 27:17 | Welsh91Wizard · tribute_sent a jugador 6 |
| 27:24 | NEXT_LEVER · first_building Monastery |
| 27:40 | NEXT_LEVER · wall_segment Stone Wall x1 |
| 27:40 | NEXT_LEVER · wall_segment Stone Wall x1 |
| 27:46 | Quando · wall_segment Palisade Wall x1 |
| 28:21 | PJtheDcoy · wall_segment Stone Wall x1 |
| 28:22 | NEXT_LEVER · first_building Castle |
| 28:29 | tagliola23 · first_building Monastery |
| 30:10 | NEXT_LEVER · first_market_buy 100 stone |
| 30:21 | NEXT_LEVER · wall_segment Stone Wall x9 |
| 30:31 | Quando · first_building Siege Workshop |
| 31:08 | Welsh91Wizard · first_building Castle |
| 32:16 | NEXT_LEVER · first_building Siege Workshop |
| 32:43 | tagliola23 · age_up imperial |
| 32:54 | NEXT_LEVER · wall_segment Stone Wall x10 |
| 33:07 | Fr4ggi · first_building Castle |
| 34:06 | Quando · wall_segment Stone Wall x18 |
| 34:51 | Quando · wall_segment Stone Wall x1 |
| 34:52 | Quando · wall_segment Stone Wall x1 |
| 34:53 | Quando · wall_segment Stone Wall x13 |
| 34:55 | PJtheDcoy · first_building Stable |
| 35:55 | NEXT_LEVER · wall_segment Stone Wall x10 |
| 36:25 | NEXT_LEVER · age_up imperial |
| 36:27 | NEXT_LEVER · wall_segment Stone Wall x5 |
| 37:26 | Quando · wall_segment Stone Wall x1 |
| 37:30 | Quando · wall_segment Stone Wall x1 |
| 38:03 | tagliola23 · first_building Castle |
| 38:38 | Fr4ggi · first_building Monastery |
| 39:06 | Fr4ggi · age_up imperial |
| 39:11 | Welsh91Wizard · tribute_sent a jugador 1 |
| 39:11 | Welsh91Wizard · tribute_sent a jugador 2 |
| 39:11 | Welsh91Wizard · tribute_sent a jugador 4 |
| 39:11 | Welsh91Wizard · tribute_sent a jugador 5 |
| 39:11 | Welsh91Wizard · tribute_sent a jugador 6 |
| 39:54 | NEXT_LEVER · wall_segment Stone Wall x1 |
| 39:56 | NEXT_LEVER · wall_segment Stone Wall x9 |
| 40:13 | PJtheDcoy · resign |
[ AI ANALYSIS · 1 CREDIT ]
What really happened in this match?
Wolo.gg analyzes every decision: build order, eco, micro, common mistakes by bracket. Personalized analysis on WhatsApp or Discord in 30 seconds.
Civ guide
Persians
Perfil
Jugador #6051949